 Dungeon Crawl Stone Soup version 0.27-a0-1084-g78b3836a5f (webtiles) character file.

Game seed: 4460857112247224653

287141 Wyvernaa the Hoplite (level 20, -8/132 HPs)
             Began as a Gargoyle Fighter on Apr 26, 2021.
             Was the Champion of the Shining One.
             Killed from afar by a peacekeeper (17 damage)
             ... with a volley of spikes
             ... in the Desolation of Salt on Apr 27, 2021.
             The game lasted 02:46:18 (51688 turns).

Wyvernaa the Hoplite (Gargoyle Fighter)            Turns: 51688, Time: 02:46:19

Health: -8/132     AC: 41    Str: 27    XL:     20   Next: 66%
Magic:  32/32      EV:  9    Int: 16    God:    the Shining One [******]
Gold:   847        SH:  0    Dex: 15    Spells: 19/19 levels left

rFire    + + +     SeeInvis +   U - +8 trident "Nuxiny" {holy, rF+ rN+ Int+4}
rCold    + + +     Faith    .   n - +2 shield of Resistance {rF++ rC++ Will++}
rNeg     + + +     Spirit   .   t - +0 plate armour
rPois    ∞         Reflect  +   V - +0 helmet {SInv}
rElec    +         Harm     .   L - +2 cloak {rC+}
rCorr    +         Rampage  .   o - +0 pair of gloves of Sunlight {Str+2 Dex+2}
Will     +++++                  E - +0 pair of boots of Broken Taboos {Will+ rCorr Dex+3}
Stlth    ..........             S - amulet of reflection
HPRegen  0.32/turn              Z - ring of willpower
MPRegen  0.23/turn              I - +4 ring of slaying

@: confused, divinely shielded, resistant, ambrosia-drunk, spiked, on berserk
cooldown, flying, slowed, glowing, studying 2 skills, very slow
A: AC +15, big wings, negative energy resistance 1, electricity resistance,
torment resistance 1, unbreathing 1, petrification resistance, screaming 1, wild
magic 1, sturdy frame 1
}: 2/15 runes: serpentine, barnacled
a: Renounce Religion, Divine Shield, Cleansing Flame, Summon Divine Warrior,
Brand Weapon With Holy Wrath


You were in the Desolation of Salt.
You worshipped the Shining One.
The Shining One was exalted by your worship.
You visited 6 branches of the dungeon, and saw 33 of its levels.
You also visited: Sewer, Gauntlet, Ice Cave and Desolation.

You collected 4114 gold pieces.
You spent 3267 gold pieces at shops.

Inventory:

Hand Weapons
 d - a +0 vorpal trident
 U - the +8 trident "Nuxiny" (weapon) {holy, rF+ rN+ Int+4}
   (You took it off a spriggan on level 2 of the Lair of Beasts)

   It has been blessed by the Shining One to cause great damage to the undead
   and demons.
   It affects your intelligence (+4).
   It protects you from fire.
   It protects you from negative energy.
Missiles
 a - 2 throwing nets (quivered)
 K - 2 curare-tipped darts
 N - 7 atropa-tipped darts
Armour
 n - the +2 shield of Resistance (worn) {rF++ rC++ Will++}
   (You took it off a deep elf pyromancer on level 15 of the Dungeon)

   It greatly protects you from fire.
   It greatly protects you from cold.
   It greatly increases your willpower.
 o - the +0 pair of gloves of Sunlight (worn) {Str+2 Dex+2}
   (You found it in a Gauntlet)

   It affects your strength (+2).
   It affects your dexterity (+2).
 t - a +0 plate armour (worn)
 E - the +0 pair of boots of Broken Taboos (worn) {Will+ rCorr Dex+3}
   (You acquired it on level 3 of the Shoals)

   It affects your dexterity (+3).
   It protects you from acid and corrosion.
   It increases your willpower.
 L - a +2 cloak of cold resistance (worn)
 V - a +0 helmet of see invisible (worn)
 X - a +1 pair of boots of rampaging
Jewellery
 i - the amulet "Uphiopn" {Spirit rElec rN+ Dex+2}
   (You found it in a Gauntlet)

   [amulet of guardian spirit]

   It causes incoming damage to be divided between your reserves of health and
   magic.
   It affects your dexterity (+2).
   It insulates you from electricity.
   It protects you from negative energy.
 m - a +4 ring of evasion
 I - a +4 ring of slaying (right hand)
 S - an amulet of reflection (around neck)
 Z - a ring of willpower (left hand)
Wands
 h - a wand of digging (3)
 j - a wand of polymorph (11)
 k - a wand of flame (134)
 x - a wand of mindburst (8)
 y - a wand of acid (9)
 C - a wand of charming (5)
 D - a wand of iceblast (54)
 F - a wand of paralysis (21)
Scrolls
 b - 2 scrolls of fog
 g - a scroll of holy word
 p - 12 scrolls of teleportation
 r - 5 scrolls of fear
 s - 9 scrolls of identify
 v - 2 scrolls of summoning
 w - 9 scrolls of enchant armour
 B - a scroll of silence
 H - a scroll of brand weapon
 R - 3 scrolls of enchant weapon
Potions
 e - 2 potions of cancellation
 f - 10 potions of lignification
 q - a potion of magic
 u - 3 potions of attraction
 z - 4 potions of haste
 A - a potion of brilliance
 J - 2 potions of might


   Skills:
 + Level 16.6 Fighting
 - Level 17.1 Polearms
 + Level 16.4 Armour
 - Level 0.2 Dodging
 + Level 21.2 Shields
 * Level 16.1 Invocations
 * Level 9.6 Evocations


You had 19 spell levels left.
You didn't know any spells.
Your spell library contained the following spells:

 Spells                   Type           Power      Damage    Failure   Level
 Apportation              Tloc           0%         N/A       78%         1
 Beastly Appendage        Tmut           0%         N/A       78%         1
 Corona                   Hex            0%         N/A       78%         1
 Freeze                   Ice            0%         1d3       78%         1
 Magic Dart               Conj           0%         1d3       78%         1
 Sandblast                Erth           0%         2d4       78%         1
 Sting                    Tmut/Pois      0%         1d3       78%         1
 Summon Small Mammal      Summ           0%         N/A       78%         1
 Blink                    Tloc           N/A        N/A       88%         2
 Call Imp                 Summ           0%         N/A       88%         2
 Ensorcelled Hibernation  Hex/Ice        0%         N/A       88%         2
 Passwall                 Tmut/Erth      0%         N/A       88%         2
 Poisonous Vapours        Pois/Air       0%         N/A       88%         2
 Searing Ray              Conj           0%         3d3       88%         2
 Slow                     Hex            0%         N/A       88%         2
 Wereblood                Tmut           0%         N/A       88%         2
 Call Canine Familiar     Summ           0%         N/A       98%         3
 Confusing Touch          Hex            0%         N/A       98%         3
 Conjure Flame            Conj/Fire      0%         6-21      98%         3
 Dazzling Flash           Conj/Hex       0%         N/A       98%         3
 Frozen Ramparts          Ice            0%         1d2       98%         3
 Ignite Poison            Fire/Tmut/Pois 0%         N/A       98%         3
 Inner Flame              Hex/Fire       0%         N/A       98%         3
 Lesser Beckoning         Tloc           0%         N/A       98%         3
 Mephitic Cloud           Conj/Pois/Air  0%         N/A       98%         3
 Ozocubu's Armour         Ice            0%         N/A       98%         3
 Portal Projectile        Hex/Tloc       0%         N/A       98%         3
 Spider Form              Tmut/Pois      0%         N/A       98%         3
 Stone Arrow              Conj/Erth      0%         3d7       98%         3
 Summon Guardian Golem    Hex/Summ       0%         N/A       98%         3
 Tukima's Dance           Hex            0%         N/A       98%         3
 Animate Armour           Summ/Erth      0%         N/A       100%        4
 Animate Dead             Necr           0%         N/A       100%        4
 Cause Fear               Hex            0%         N/A       100%        4
 Fulminant Prism          Conj/Hex       0%         3d6       100%        4
 Hailstorm                Conj/Ice       0%         3d3       100%        4
 Ice Form                 Ice/Tmut       0%         N/A       100%        4
 Iskenderun's Mystic Bla  Conj/Tloc      0%         2d3       100%        4
 Leda's Liquefaction      Hex/Erth       0%         N/A       100%        4
 Olgreb's Toxic Radiance  Pois           0%         N/A       100%        4
 Summon Ice Beast         Ice/Summ       0%         N/A       100%        4
 Summon Lightning Spire   Summ/Air       0%         N/A       100%        4
 Alistair's Intoxication  Tmut/Pois      0%         N/A       100%        5
 Bolt of Magma            Conj/Fire/Erth 0%         4d4       100%        5
 Borgnjor's Vile Clutch   Necr/Erth      0%         N/A       100%        5
 Fireball                 Conj/Fire      0%         3d3       100%        5
 Hydra Form               Tmut           0%         N/A       100%        5
 Iskenderun's Battlesphe  Conj           0%         2d6       100%        5
 Metabolic Englaciation   Hex/Ice        0%         N/A       100%        5
 Death Channel            Necr           0%         N/A       100%        6
 Freezing Cloud           Conj/Ice/Air   0%         6-21      100%        6
 Invisibility             Hex            0%         N/A       100%        6
 Iron Shot                Conj/Erth      0%         9d1       100%        6
 Simulacrum               Ice/Necr       0%         N/A       100%        6
 Starburst                Conj/Fire      0%         8x6d3     100%        6
 Orb of Destruction       Conj           0%         N/A       100%        7
 Ozocubu's Refrigeration  Ice            0%         4d5       100%        7
 Spellforged Servitor     Conj/Summ      0%         N/A       100%        7
 Ignition                 Fire           0%         3d3       100%        8
 Shatter                  Erth           0%         3d5*      100%        9
 Statue Form              Tmut/Erth      Unusable   N/A       N/A         6

Dungeon Overview and Level Annotations

Branches:
Dungeon (15/15)            Temple (0/1) D:7            Lair (6/6) D:11
 Shoals (4/4) Lair:3        Snake (4/4) Lair:3        Slime (0/5) Lair:5
    Orc (2/2) D:12            Elf (0/3) Orc:2        Vaults (2/5) D:14
 Depths (0/5) D:15          Sewer (visited)           IceCv (visited)
Desolation (1/1)          Gauntlet (visited)
  Crypt: Vaults:2-3

Altars:
Ashenzari
Elyvilon
Fedhas
Gozag
Hepliaklqana
Kikubaaqudgha
Qazlal
Ru
Sif Muna
Uskayaw
Vehumet
Xom
Yredelemnul
Zin
The Shining One
Beogh

Shops:
D:1 ?   D:9 *   D:12 *   Orc:2 (=!   Shoals:1 :   Shoals:4 *   Snake:1 :=:

Portals:
Abyss: Shoals:2
Trove: D:15 (give 16 scrolls of teleportation)

Annotations:
Shoals:2 2 transporters, dolemite99's ghost, adept TrMo
Snake:2 1 runed translucent door, Vashnia


Innate Abilities, Weirdness & Mutations

Your stone body is resilient. (AC +15)
You are immune to poison.
Your large and strong wings let you fly.
You resist negative energy. (rN+)
You are resistant to electric shocks. (rElec)
You are resistant to unholy torment.
You can survive without breathing.
You are immune to petrification.
You occasionally shout uncontrollably at your foes.
Your spells are a little harder to cast, but a little more powerful.
Your movements are slightly less encumbered by armour. (ER -2)


Message History

* * * LOW HITPOINT WARNING * * *
The barbed spikes snap loose.
Your angel barely misses the servant of whispers.
Your angel closely misses the servant of whispers.
You feel your anger nearly subside.
You are no longer berserk.
You pass out from exhaustion.
You feel yourself slow down.
The peacekeeper roars a battlecry!
The servant of whispers hits your angel with a +0 club.
The saltling hits you but does no damage. x2
The servant of whispers hits your angel with a +0 club.
The saltling hits you but does no damage. x2
You can move again.
The saltling no longer looks unusually strong. x2
The ragged hierophant barely misses your angel.
The peacekeeper roars a battlecry!
The saltlings go into a battle-frenzy!
The saltling hits you!
* * * LOW HITPOINT WARNING * * *
The saltling hits you but does no damage.
The ragged hierophant casts a spell at you.
A blast of power from the earth and the saltlings strikes you!
* * * LOW HITPOINT WARNING * * *
The peacekeeper closely misses your angel.
The peacekeeper barely misses your angel.
You block the saltling's attack. The saltling hits you!
The Shining One protects you from harm!
A saltling comes into view.
You are confused.
You feel invigorated.
The saltling no longer looks unusually strong.
The peacekeeper no longer looks unusually strong.
Your angel hits the saltling with a +1 whip of holy wrath!
Your angel hits the saltling with a +1 whip of holy wrath.
The saltling barely misses you.
The peacekeeper hurls a volley of spikes at you.
The volley of spikes hits you!
The barbed spikes become lodged in your body.
You die...

...................###....
..........................
........##................
..........................
..........................
.............)..∩.∩.......
.....##....................
...#.....................
.....#.......#..@..........
.............#88888......#
...............888.......#.
................A..........
.........§§................
..... ...§.....9aaa........
...... §§................
#........§.....L...8.......
##.......§.............§..§


You could see a ragged hierophant, 2 servants of whispers, a halazid warlock, 2
peacekeepers, a molten gargoyle (strong), 7 saltlings and a friendly angel
(summoned).

Vanquished Creatures
  Jorgrun (Snake:2)
  Asterion (Lair:3)
  Polyphemus (Shoals:3)
  Frances (Snake:1)
  A kraken (Shoals:2)
  Gastronok (D:11)
  Agnes (Snake:2)
  Roxanne (Shoals:4)
  6 nagarajas
  Aizul (Snake:1)
  A vault warden (Vaults:1)
  Louise (D:14)
  An imperial myrmidon (Desolation)
  An ironbound preserver (Vaults:1)
  The ghost of Zeld the Destroyer, a journeyman OpCj of Vehumet (D:13)
  Azrael (D:11)
  A minotaur (Gauntlet)
  2 dire elephants (Vaults:1)
  3 halazid warlocks (Desolation)
  7 merfolk javelineers
  2 ettins
  Josephine (D:14)
  7 merfolk impalers
  A blizzard demon (IceCv)
  3 great orbs of eyes (Vaults:1)
  3 ironbound thunderhulks (Vaults:1)
  3 yaktaur captains (Vaults:1)
  5 ragged hierophants (Desolation)
  15 naga warriors
  5 servants of whispers (Desolation)
  A peacekeeper (Desolation)
  7 salamander tyrants
  2 vault guards (Vaults:1)
  The ghost of Dawaleif the Frost Mage, a journeyman DgIE (Lair:2)
  5 hydras
  2 ogre magi (Orc:2)
  2 merfolk avatars
  11 anacondas
  2 catoblepae
  A death knight (D:14)
  3 boulder beetles
  12 two-headed ogres
  11 death yaks
  2 alligator snapping turtles
  2 dancing weapons (D:14)
  13 centaur warriors
  7 merfolk aquamancers
  A satyr (Shoals:4)
  2 death scarabs (Gauntlet)
  3 tengu warriors
  2 ironbound beastmasters (Vaults:1)
  12 naga sharpshooters
  3 shock serpents (Snake:3)
  Urug (Orc:2)
  A soul eater (Gauntlet)
  A fire crab (Gauntlet)
  14 spriggans
  6 salamander mystics
  An iron troll (Orc:2)
  5 skeletal warriors
  2 spectral death yaks (Gauntlet)
  13 sea snakes
  10 naga ritualists
  8 deep trolls
  A phantasmal warrior (D:14)
  18 harpies
  5 wizards
  4 lindwurms
  An orc knight (D:15)
  A deep elf pyromancer (D:15)
  6 ironbound convokers
  18 mana vipers
  An orc sorcerer (Orc:2)
  3 fauns (Shoals:1)
  12 ugly things
  10 manticores
  10 cyclopes
  6 guardian serpents
  8 merfolk sirens
  23 salamanders
  7 elephants
  9 water nymphs
  Joseph (D:8)
  A gargoyle (D:12)
  36 black mambas
  17 naga magi
  3 vault sentinels (Vaults:1)
  11 cane toads
  An efreet (D:13)
  10 komodo dragons
  6 freezing wraiths
  4 yaktaurs
  6 rime drakes
  3 anaconda simulacra (IceCv)
  6 ice devils (IceCv)
  An unseen horror (D:12)
  2 golden dragon simulacra (IceCv)
  15 trolls
  7 polar bears
  A troll (shapeshifter) (D:15)
  7 hornets
  A meliai (shapeshifter) (D:14)
  23 merfolk
  14 saltlings (Desolation)
  7 wind drakes
  12 slime creatures
  10 blink frogs
  10 snapping turtles
  9 dream sheep
  13 water elementals
  5 fire elementals
  A shadow (D:11)
  2 dire elephant simulacra (IceCv)
  5 wraiths (D:14)
  A vampire (D:10)
  11 wyverns
  Eustachio (D:4)
  54 yaks
  4 steam dragons
  A basilisk (Lair:1)
  2 fire bats (Gauntlet)
  5 vampire mosquitoes
  3 wargs
  2 harpy simulacra (IceCv)
  2 iron troll simulacra (IceCv)
  An acid dragon (D:9)
  65 nagas
  2 hell hounds
  13 water moccasins
  3 hydra simulacra (IceCv)
  5 sky beasts
  9 black bears
  12 orc warriors
  Purgy (Sewer)
  An ice beast (D:5)
  An ettin simulacrum (IceCv)
  A necrophage (D:8)
  21 ogres
  40 wolves
  8 boggarts
  16 centaurs
  A phantom (D:4)
  8 bullfrogs
  2 scorpions (D:6)
  2 gnoll sergeants
  3 killer bees (D:7)
  An elephant simulacrum (IceCv)
  18 wights
  6 howler monkeys
  An electric eel (D:11)
  2 centaur zombies
  4 bullfrog zombies (D:6)
  A centaur skeleton (D:4)
  3 draconian simulacra (IceCv)
  6 hounds
  16 jellies
  15 orc priests
  A gnoll shaman (D:8)
  2 bullfrog skeletons
  Jessica (D:2)
  2 iguanas
  Terence (D:2)
  10 orc wizards
  7 hell rats (Lair:5)
  3 polar bear simulacra (IceCv)
  4 troll simulacra (IceCv)
  A wolf simulacrum (IceCv)
  2 centaur simulacra (IceCv)
  A hound zombie (D:5)
  A howler monkey zombie (D:9)
  Robin (D:2)
  14 gnolls
  2 naga simulacra (IceCv)
  9 adders
  2 howler monkey skeletons
  An ogre simulacrum (IceCv)
  4 shadow imps (Gauntlet)
  6 white imps
  7 ufetubi
  3 worms
  2 dart slugs
  41 orcs
  11 bats
  12 endoplasms
  2 giant cockroaches (D:3)
  14 goblins
  8 hobgoblins
  3 jackals
  8 kobolds
  2 quokkas
  6 ball pythons
  3 frilled lizards
  3 rats
  2 pillars of salt (Vaults:2)
  2 tentacles (Shoals:2)
1219 creatures vanquished.

Vanquished Creatures (collateral kills)
  2 merfolk javelineers (Shoals:4)
  A servant of whispers (Desolation)
  2 ragged hierophants (Desolation)
  A death yak (Lair:6)
  2 merfolk aquamancers (Shoals:4)
  A satyr (Shoals:4)
  An ironbound convoker (Desolation)
  3 salamanders (Snake:2)
  A manticore (Shoals:4)
  A saltling (Desolation)
15 creatures vanquished.

Vanquished Creatures (others)
  A blizzard demon (IceCv)
  A sea snake (Shoals:4)
  A guardian serpent (Snake:4)
  A black mamba (Snake:2)
  A naga (Snake:4)
  An orc (D:8)
  A bush (Lair:2)
  57 fungi
  162 plants
  11 tentacles (Shoals:2)
237 creatures vanquished.

Grand Total: 1471 creatures vanquished

Notes
Turn   | Place    | Note
-------+----------+-------------------------------------------
     0 | D:1      | Wyvernaa the Gargoyle Fighter began the quest for the Orb.
     0 | D:1      | Reached XP level 1. HP: 14/14 MP: 1/1
    88 | D:1      | You fall into a shaft and drop 1 floor!
   706 | D:2      | Noticed Robin
   715 | D:2      | Killed Robin
   716 | D:2      | Reached XP level 2. HP: 8/20 MP: 2/2
   723 | D:2      | Reached XP level 3. HP: 14/24 MP: 3/3
   860 | D:2      | Noticed Terence
   884 | D:2      | Killed Terence
   885 | D:2      | Reached XP level 4. HP: 22/29 MP: 4/4
  1217 | D:1      | Found Plog's Magic Scroll Shop.
  1430 | D:1      | Found a faded altar of an unknown god.
  2056 | D:2      | Reached XP level 5. HP: 34/34 MP: 5/5
  2193 | D:2      | Noticed Jessica
  2195 | D:2      | Killed Jessica
  2196 | D:2      | Reached skill level 4 in Shields
  2892 | D:3      | Reached XP level 6. HP: 35/39 MP: 6/6
  3300 | D:4      | Noticed a black bear
  3516 | D:4      | Noticed Eustachio
  3768 | D:4      | Killed a black bear
  3836 | D:4      | Reached XP level 7. HP: 43/44 MP: 7/7
  3853 | D:4      | Reached skill level 5 in Polearms
  4035 | D:5      | Entered Level 5 of the Dungeon
  4138 | D:5      | Found a radiant altar of Vehumet.
  4138 | D:5      | Found an ancient bone altar of Kikubaaqudgha.
  4144 | D:5      | Found a shimmering altar of Xom.
  4144 | D:5      | Found a stormy altar of Qazlal.
  4144 | D:5      | Found a hazy altar of Hepliaklqana.
  4144 | D:5      | Found a glowing golden altar of the Shining One.
  4144 | D:5      | Found a blossoming altar of Fedhas.
  4146 | D:5      | Found a hide-covered altar of Uskayaw.
  4154 | D:5      | Found a sacrificial altar of Ru.
  4253 | D:5      | Reached skill level 5 in Shields
  4352 | D:5      | Reached XP level 8. HP: 12/48 MP: 8/8
  4691 | D:5      | Found a glowing drain.
  4701 | Sewer    | Entered a sewer
  4735 | Sewer    | Noticed Purgy
  4747 | Sewer    | Killed Purgy
  4833 | D:5      | Reached skill level 5 in Fighting
  4983 | D:5      | Reached skill level 5 in Armour
  5324 | D:6      | Found a white marble altar of Elyvilon.
  5533 | D:5      | Became a worshipper of the Shining One
  5627 | D:6      | Reached skill level 6 in Shields
  6063 | D:6      | Reached XP level 9. HP: 54/54 MP: 9/9
  6288 | D:6      | Reached * piety under the Shining One
  6324 | D:6      | Found a basalt altar of Yredelemnul.
  6488 | D:7      | Found a staircase to the Ecumenical Temple.
  7366 | D:7      | Reached skill level 7 in Shields
  7499 | D:8      | Noticed Joseph
  7794 | D:4      | Killed Eustachio
  8065 | D:8      | Noticed a hornet
  8088 | D:8      | Killed a hornet
  8089 | D:8      | Reached XP level 10. HP: 52/60 MP: 10/10
  8360 | D:8      | Killed Joseph
  8361 | D:8      | Reached skill level 10 in Polearms
  8561 | D:8      | Reached ** piety under the Shining One
  9051 | D:8      | Found an opulent altar of Gozag.
  9051 | D:8      | Found a glowing silver altar of Zin.
  9653 | D:9      | Reached skill level 8 in Shields
  9707 | D:9      | Noticed a two-headed ogre
  9737 | D:9      | Found Guducuar's Assorted Antiques.
  9771 | D:9      | Reached *** piety under the Shining One
 10189 | D:9      | Reached XP level 11. HP: 66/66 MP: 11/11
 10223 | D:10     | Entered Level 10 of the Dungeon
 10489 | D:9      | Killed a two-headed ogre
 11057 | D:10     | Found a broken altar of Ashenzari.
 11898 | D:1      | Bought a scroll of acquirement for 572 gold pieces
 11898 | D:1      | Acquired a manual of Armour
 12281 | D:10     | Reached skill level 1 in Invocations
 12363 | D:11     | Noticed Gastronok
 12395 | D:11     | Killed Gastronok
 12396 | D:11     | Reached skill level 9 in Shields
 12602 | D:11     | Noticed a boulder beetle
 12615 | D:11     | HP: 4/100 [boulder beetle (5)]
 12616 | D:11     | The Shining One protects you from harm!
 12625 | D:11     | Killed a boulder beetle
 13066 | D:11     | Noticed a manticore
 13083 | D:11     | Killed a manticore
 13422 | D:11     | Found a staircase to the Lair.
 13543 | D:11     | Reached XP level 12. HP: 69/73 MP: 14/14
 13700 | D:12     | Found Gur Rymi's General Store.
 13742 | D:12     | Noticed Azrael
 14494 | Lair:1   | Entered Level 1 of the Lair of Beasts
 15192 | Lair:2   | Noticed a death yak
 15192 | Lair:2   | Noticed a death yak
 15193 | Lair:2   | Noticed a death yak
 15194 | Lair:2   | Noticed a death yak
 15196 | Lair:2   | Reached **** piety under the Shining One
 15228 | Lair:1   | Killed a death yak
 15635 | Lair:3   | Killed a death yak
 15662 | Lair:3   | Killed a death yak
 15902 | Lair:3   | Killed a death yak
 15903 | Lair:3   | Reached skill level 5 in Invocations
 16337 | Lair:2   | Found a runed translucent door.
 16339 | Lair:2   | Noticed Dawaleif's ghost (journeyman DgIE)
 16343 | Lair:2   | Identified the +8 trident "Nuxiny" {holy, rF+ rN+ Int+4}
 16586 | Lair:3   | Found a staircase to the Snake Pit.
 16736 | Lair:3   | Reached skill level 10 in Armour
 16904 | Lair:3   | Noticed a seven-headed hydra
 16938 | Lair:3   | Killed a seven-headed hydra
 17027 | Lair:3   | Gained mutation: Your magical capacity is low. (-10% MP)
                  | [potion of mutation]
 17027 | Lair:3   | Gained mutation: You occasionally shout uncontrollably at
                  | your foes. [potion of mutation]
 17027 | Lair:3   | Gained mutation: You have a pair of small antennae on your
                  | head. [potion of mutation]
 17027 | Lair:3   | Gained mutation: You expend magic power (3 MP) to
                  | strengthen your wands. [potion of mutation]
 17036 | Lair:3   | Reached skill level 10 in Shields
 17039 | Lair:3   | Found a staircase to the Shoals.
 17238 | Lair:3   | Lost mutation: You have a pair of small antennae on your
                  | head. [potion of mutation]
 17238 | Lair:3   | Lost mutation: Your magical capacity is low. (-10% MP)
                  | [potion of mutation]
 17238 | Lair:3   | Lost mutation: You expend magic power (3 MP) to strengthen
                  | your wands. [potion of mutation]
 17238 | Lair:3   | Gained mutation: Your movements are slightly less
                  | encumbered by armour. (ER -2) [potion of mutation]
 17238 | Lair:3   | Gained mutation: Your spells are a little harder to cast,
                  | but a little more powerful. [potion of mutation]
 17327 | Lair:3   | Reached XP level 13. HP: 80/80 MP: 17/17
 19263 | Lair:5   | Found a staircase to the Slime Pits.
 19986 | Lair:5   | Reached ***** piety under the Shining One
 20562 | Lair:6   | Entered Level 6 of the Lair of Beasts
 20625 | Lair:4   | Reached skill level 11 in Shields
 21111 | Lair:6   | Reached skill level 10 in Fighting
 21147 | Lair:6   | Gained mutation: Your large and strong wings let you fly.
                  | [Gargoyle growth]
 21147 | Lair:6   | Reached XP level 14. HP: 77/88 MP: 19/19
 21350 | Lair:6   | Reached skill level 15 in Polearms
 22508 | Lair:6   | Identified the +1 falchion "Rovojapp" {drain, rElec Will+
                  | Int+3 Stlth+}
 22532 | Lair:6   | Reached skill level 12 in Shields
 23546 | Lair:2   | Killed Dawaleif's ghost
 23950 | D:9      | Bought a runed helmet for 240 gold pieces
 23950 | D:9      | Bought a pair of glowing gloves for 240 gold pieces
 23950 | D:9      | Bought a pair of glowing boots for 240 gold pieces
 24500 | D:12     | Found a staircase to the Orcish Mines.
 25013 | D:12     | Reached XP level 15. HP: 92/94 MP: 21/21
 25212 | D:13     | Identified the +3 ring mail "Cunuxeta" {Int+2}
 25365 | D:13     | Reached skill level 13 in Shields
 25684 | Orc:1    | Entered Level 1 of the Orcish Mines
 25925 | Orc:2    | Entered Level 2 of the Orcish Mines
 25964 | Orc:2    | Paralysed by an orc sorcerer for 5 turns
 25976 | Orc:2    | Paralysed by an orc sorcerer for 7 turns
 26009 | Orc:2    | Noticed Urug
 26178 | Orc:2    | Killed Urug
 26236 | Orc:2    | Found a staircase to the Elven Halls.
 26614 | Orc:2    | Reached skill level 14 in Shields
 26986 | Orc:2    | Paralysed by an ogre mage for 2 turns
 26988 | Orc:2    | Found Unecuav's Jewellery Emporium.
 26989 | Orc:2    | Found Muloim's Weapon Shoppe.
 27009 | Orc:2    | Found Rurhahie's Distillery.
 27016 | Orc:2    | Found Mawuoc's Antique Weapon Emporium.
 27488 | D:13     | Found a runed translucent door.
 27488 | D:13     | Noticed Zeld's ghost (journeyman OpCj)
 27963 | D:14     | Noticed Louise
 27987 | D:14     | Killed Louise
 27988 | D:14     | Reached skill level 10 in Invocations
 28056 | D:14     | Reached ****** piety under the Shining One
 28293 | D:14     | Reached skill level 1 in Evocations
 28310 | D:14     | Found a gate to the Vaults.
 28320 | D:14     | Noticed Josephine
 28335 | D:14     | Killed Josephine
 28336 | D:14     | Reached skill level 15 in Shields
 29142 | D:14     | Reached XP level 16. HP: 101/101 MP: 23/23
 29232 | D:15     | Entered Level 15 of the Dungeon
 29275 | D:15     | Found a portal to a secret trove of treasure.
 29526 | D:15     | Found a gate leading to a gauntlet.
 29533 | Gauntlet | Entered a Gauntlet
 29533 | Gauntlet | Found a transporter.
 29533 | Gauntlet | Found a transporter.
 29535 | Gauntlet | Found a transporter.
 29535 | Gauntlet | Found a transporter.
 29703 | Gauntlet | Found a transporter.
 29711 | Gauntlet | Found a transporter.
 29715 | Gauntlet | Found a transporter.
 29723 | Gauntlet | Found a transporter.
 29780 | Gauntlet | Found a transporter.
 29791 | Gauntlet | Found a transporter.
 29792 | Gauntlet | Found a transporter.
 29796 | Gauntlet | Found a runed translucent door.
 29798 | Gauntlet | Found a runed translucent door.
 29800 | Gauntlet | Found a transporter.
 29950 | Gauntlet | Identified the ring of Pragmatism {rPois Dex+3}
 29980 | Gauntlet | Identified the amulet "Uphiopn" {Spirit rElec rN+ Dex+2}
 30028 | Gauntlet | Noticed an azure jelly
 30028 | Gauntlet | a death yak changed into an azure jelly
 30036 | Gauntlet | an azure jelly changed into a frost giant
 30037 | Gauntlet | Noticed a sphinx
 30037 | Gauntlet | a frost giant changed into a sphinx
 30039 | Gauntlet | a sphinx changed into an eleionoma
 30051 | Gauntlet | Identified the +0 pair of gloves of Sunlight {Str+2 Dex+2}
 30070 | Gauntlet | Noticed a shadow dragon
 30135 | Gauntlet | Identified the Grimoire of Clay
 30590 | D:15     | Found a staircase to the Depths.
 30658 | D:15     | Reached skill level 16 in Shields
 31080 | D:15     | Found a shimmering blue altar of Sif Muna.
 31483 | D:1      | Bought a scroll of teleportation for 33 gold pieces
 31483 | D:1      | Bought a scroll of teleportation for 33 gold pieces
 31483 | D:1      | Bought a scroll of teleportation for 33 gold pieces
 31784 | D:11     | Killed Azrael
 32094 | D:13     | Killed Zeld's ghost
 32237 | Snake:1  | Entered Level 1 of the Snake Pit
 32343 | Snake:1  | Noticed Aizul
 32379 | Snake:1  | Killed Aizul
 32476 | Snake:1  | Noticed Asterion
 32530 | Lair:3   | Killed Asterion
 32834 | Snake:1  | Noticed Frances
 32870 | Snake:1  | Killed Frances
 33216 | Snake:1  | Found Ceicud's Jewellery Shoppe.
 33217 | Snake:1  | Found Zets's Book Shop.
 33217 | Snake:1  | Found Yliciugo's Book Shop.
 33570 | Snake:2  | Found a frozen archway.
 33585 | IceCv    | Entered an ice cave
 33635 | IceCv    | Identified the +1 quick blade "Demonslayer" {distort,
                  | Int+3}
 33678 | IceCv    | Identified the +0 great mace of Insomnia {pain, rC+ Dex+3}
 33962 | IceCv    | Identified the +7 hand axe of Fuzzy Tender Mercy {vorpal,
                  | Int+2}
 34760 | IceCv    | Reached skill level 17 in Shields
 35560 | Snake:2  | Reached XP level 17. HP: 108/108 MP: 25/25
 35985 | Snake:2  | Found a runed translucent door.
 35988 | Snake:2  | Noticed Vashnia
 36075 | Snake:2  | Noticed Agnes
 36077 | Snake:2  | Noticed Jorgrun
 36091 | Snake:2  | Killed Jorgrun
 36095 | Snake:2  | Killed Agnes
 36569 | Snake:2  | Reached skill level 5 in Evocations
 37752 | Snake:3  | Reached skill level 18 in Shields
 38812 | Snake:3  | Reached XP level 18. HP: 112/115 MP: 27/27
 39508 | Snake:4  | Entered Level 4 of the Snake Pit
 39883 | Snake:4  | Reached skill level 15 in Armour
 41377 | Snake:4  | Reached skill level 19 in Shields
 41799 | Snake:4  | Got a serpentine rune of Zot
 42398 | Shoals:1 | Entered Level 1 of the Shoals
 42849 | Shoals:1 | Found Xesaosor's Book Boutique.
 43176 | Shoals:1 | Reached XP level 19. HP: 67/122 MP: 28/28
 43717 | Shoals:2 | Noticed dolemite99's ghost (adept TrMo)
 43724 | Shoals:2 | Noticed a tentacled monstrosity
 43726 | Shoals:2 | Found a one-way gate to the infinite horrors of the Abyss.
 43763 | Shoals:2 | Found a transporter.
 43764 | Shoals:2 | Found a transporter.
 44809 | Shoals:3 | Noticed Polyphemus
 44833 | Shoals:3 | Killed Polyphemus
 45031 | Shoals:3 | Acquired the +0 pair of boots of Broken Taboos {Will+ rCorr
                  | Dex+3}
 45842 | Shoals:4 | Entered Level 4 of the Shoals
 45856 | Shoals:3 | Acquired a manual of Invocations
 45858 | Shoals:3 | Acquired 871 gold pieces
 46029 | Snake:1  | Bought a manual of Fighting for 1876 gold pieces
 46503 | Shoals:4 | Found Coil's Commerce Corner.
 46995 | Shoals:4 | Reached skill level 20 in Shields
 47010 | Shoals:3 | Reached skill level 15 in Fighting
 47498 | Shoals:4 | Identified Roxanne's Guide on Clay
 47498 | Shoals:4 | Noticed Roxanne
 47924 | Shoals:4 | Identified the ring of Biretin {Ice SInv}
 48244 | Shoals:4 | HP: 6/124 [merfolk javelineer/javelin (7)]
 48856 | Shoals:4 | Killed Roxanne
 48986 | Shoals:4 | Got a barnacled rune of Zot
 49368 | Vaults:1 | Entered Level 1 of the Vaults
 49935 | Vaults:1 | Reached XP level 20. HP: 114/131 MP: 31/31
 49991 | Vaults:1 | Reached skill level 15 in Invocations
 51341 | Vaults:2 | Found a ruined gateway.
 51354 | Desolati | Entered the Desolation of Salt
 51506 | Desolati | Reached skill level 21 in Shields
 51687 | Desolati | HP: 3/132 [ragged hierophant/a resonance strike (7)]
 51687 | Desolati | The Shining One protects you from harm!
 51688 | Desolati | Killed from afar by a peacekeeper

Illustrated notes

Levels and vault maps discovered:
D:1:      sevenhm_arrival_forest_fort_large_4, layout_basic, serial_shops,
          shop_statue, shapermc_ecumenical_altar_mp_highgroup
D:2:      layout_basic, small_statue_intersection, nrook_mini_backslash,
          uniq_terence, uniq_jessica, uniq_robin
D:3:      layout_rooms, feat_on_display
D:4:      layout_gridville, hangedman_decor_growths, st_stairs_14,
          uniq_eustachio
D:5:      layout_basic, minitemple, serial_co_window_serial, co_window_paths_a,
          co_window_corner_a, co_window_paths_a, co_window_paths_a,
          co_window_of_opportunity_a, co_window_unsneaky_path_d,
          co_window_corner_b, co_window_corner_ca, co_window_broadway_a,
          co_window_2corner, co_window_corner_ca, glass_columns_a,
          cheibrodos_sewer_entry_sluice, minmay_tree_intersection
D:6:      layout_loops_ring, hangedman_feature_mirror, corexii_checkpoint_a,
          st_stairs_3
D:7:      layout_gridville, minmay_temple_entry_drinking_statues
D:8:      layout_basic, grunt_temple_overflow_gold_and_silver,
          lemuel_flamethrower_2, uniq_joseph
D:9:      layout_basic, serial_shops, nicolae_shop_trees, hangedman_misty_isle
D:10:     layout_gridville, evilmike_ruin_ashenzari
D:11:     layout_irregular_city, grunt_lair_entry_orc_guard_hut,
          nicolae_water_bricks, uniq_gastronok
D:12:     layout_loops_cross, david_orc_3, serial_shops, shop,
          grunt_ministairs_11, uniq_azrael
D:13:     layout_basic, hellmonk_ghost_happy_afterlife
D:14:     layout_loops_ring, erik_vaults_1, uniq_josephine, uniq_louise
D:15:     hangedman_depths_entry_civil_slaughter, layout_loops_ring,
          serial_bayou_lagoon_a, gauntlet_entry_generic, enter_trove_3,
          drop_trap, kennysheep_orc_sif_temple
Lair:1:   layout_regular_city, st_stairs_9
Lair:2:   layout_small_grid, ebering_ghost_funeral_grove, grunt_megastairs_5,
          infiniplex_staircase_pool
Lair:3:   layout_cave_pods, minmay_shoals_entry_lonely_mermaid,
          minmay_snake_entry_guardpost_small, infiniplex_staircase_pool_2,
          serial_bayou_shore_b
Lair:4:   layout_small_grid
Lair:5:   layout_misc_corridors, minmay_slime_entry_jelly_boxes,
          beast_lair_carwin_4
Lair:6:   minmay_lair_end_enchanted_forest, layout_cave_pods,
          chequers_serial_rivers_small_3, chequers_serial_rivers_large_a,
          st_stairs_11
Shoals:1: layout_shoals, serial_shops, shop
Shoals:2: layout_shoals, gammafunk_ghost_abyssal_escape, nzn_prometheus_bound
Shoals:3: layout_shoals, uniq_polyphemus
Shoals:4: shoals_end_simple, layout_shoals, overgrown_tower,
          nicolae_alphabet_shops, nicolae_shoals_mertower, uniq_roxanne
Snake:1:  layout_misc_corridors, minmay_shop_grove, uniq_aizul, uniq_asterion,
          uniq_frances
Snake:2:  cheibrodos_toxic_ritual, layout_grid_maze, special_room,
          portal_ice_cave_entry_frozen_things, uniq_vashnia, uniq_jorgrun,
          uniq_agnes
Snake:3:  cheibrodos_forgotten_conduit, layout_onion_interference,
          nicolae_snake_double_loop, drop_trap, serial_bayou_pond_d,
          guppyfry_library_mini, lemuel_fruit_tree
Snake:4:  johnstein_snake_rune_scales, layout_cave_pods, st_stairs_7
Orc:1:    layout_caves
Orc:2:    st_orc_open, layout_diamond_mine, basic_altar, uniq_urug
Vaults:1: grunt_vaults_twisty, nicolae_vaults_network_quincunx
          [nicolae_vaults_network_quincunx_subvault,
          nicolae_vaults_network_quincunx_subvault,
          nicolae_vaults_network_quincunx_subvault,
          nicolae_vaults_network_quincunx_subvault,
          nicolae_vaults_network_quincunx_subvault], vaults_room_hallway,
          vaults_room_pool, hangedman_vaults_river_flow,
          vaults_standard_mumra_x, ontoclasm_vaults_eye,
          ontoclasm_vaults_ligature, nicolae_vaults_rhombus_6,
          vaults_room_fours, vaults_dpeg_cross, v_alt_pattern_1,
          layout_vaults_chaotic_city
Vaults:2: ebering_vaults_ghost_gozag, nicolae_vaults_holding_cells, v_misc_18,
          nicolae_vaults_triangles, v_misc_16, nicolae_vaults_three_branches,
          v_pattern_4, v_misc_16, ontoclasm_vaults_pinch,
          nicolae_vaults_diagonal_hallway_9, nicolae_vaults_angled_halls,
          vaults_dpeg_doors, vaults_dpeg_ring, ontoclasm_vaults_ring_small,
          layout_vaults_omnibox, portal_desolation_entry_garden, uniq_mennas,
          uniq_margery
Desolation

Skill      XL: |  1  2  3  4  5  6  7  8  9 10 11 12 13 14 15 16 17 18 19 20 |
---------------+-------------------------------------------------------------+-----
Fighting       | 4 5 6 7 9 10 11 12 13 14 15 16 | 16.6
Polearms       | 2 3 4 6 7 9 11 12 13 14 15 16 17 | 17.1
Shields        | 4 5 6 7 8 9 10 11 12 15 17 18 19 20 21 | 21.2
Armour         | 4 5 6 8 10 11 12 13 14 15 16 | 16.4
Invocations    | 3 5 7 9 10 11 12 13 14 16 | 16.1
Evocations     | 1 4 6 7 9 |  9.6
Dodging        | |  0.2

Action                   |  1- 3 |  4- 6 |  7- 9 | 10-12 | 13-15 | 16-18 | 19-21 || total
-------------------------+-------+-------+-------+-------+-------+-------+-------++-------
Melee: Trident           |    62 |   258 |   428 |   819 |  1744 |  2386 |  1191 ||  6888
Invok: Divine Shield     |       |       |       |     5 |     1 |     7 |     4 ||    17
       Cleansing Flame   |       |       |       |       |     2 |     6 |     6 ||    14
       Summon Divine War |       |       |       |       |     1 |     1 |     3 ||     5
Evoke: Wand              |       |       |       |     2 |     1 |     2 |       ||     5
  Use: Scroll            |     1 |     5 |     3 |    13 |     8 |     7 |    10 ||    47
       Potion            |     2 |       |     4 |    10 |     4 |     1 |    13 ||    34
Armor: Scale mail        |    27 |   117 |    27 |       |       |       |       ||   171
       Plate armour      |       |       |   244 |   351 |   623 |   547 |   363 ||  2128
       Skin              |       |       |       |     2 |       |       |       ||     2
Dodge: Dodged            |    14 |    76 |   127 |   188 |   454 |   329 |   181 ||  1369
Block: Kite shield       |    30 |   129 |   239 |   375 |   873 |  1550 |   931 ||  4127
       Reflection        |       |       |       |       |    26 |   169 |    51 ||   246
       Tower shield      |       |       |       |       |   113 |   227 |       ||   340

Table legend: (Time is in decaauts)
 A = Elapsed time spent in this place.
 B = Non-inter-level travel time spent in this place.
 C = Inter-level travel time spent in this place.
 D = Time resting spent in this place.
 E = Time spent auto-exploring this place.
 F = Levels seen in this place.
 G = Mean time per level.
                   A        B        C        D        E       F      G
               +--------+--------+--------+--------+--------+-----+--------+
         Total |  49875 |  46033 |   3842 |   9437 |  22995 |  37 | 1348.0 |
       Dungeon |  20218 |  17751 |   2467 |   3279 |   9043 |  15 | 1347.9 |
          Lair |   9262 |   8763 |    499 |   1456 |   5299 |   6 | 1543.7 |
        Shoals |   6217 |   5898 |    319 |   1522 |   2903 |   4 | 1554.2 |
     Snake Pit |   8029 |   7629 |    400 |   1530 |   3944 |   4 | 2007.2 |
  Orcish Mines |   1630 |   1530 |    100 |    397 |    716 |   2 |  815.0 |
        Vaults |   1830 |   1776 |     54 |    113 |   1090 |   2 |  915.0 |
         Sewer |    130 |    130 |      0 |      0 |      0 |   1 |  130.0 |
      Ice Cave |   1432 |   1432 |      0 |    852 |      0 |   1 | 1432.0 |
    Desolation |    278 |    278 |      0 |      0 |      0 |   1 |  278.0 |
      Gauntlet |    845 |    845 |      0 |    288 |      0 |   1 |  845.0 |
               +--------+--------+--------+--------+--------+-----+--------+

Top non-repeatable levels by time:
 Snake:3: 2505 daAuts
  Lair:6: 2192 daAuts
 Snake:4: 2166 daAuts
    D:11: 2144 daAuts
 Snake:2: 2027 daAuts
Shoals:4: 2007 daAuts
  Lair:3: 1850 daAuts
Shoals:3: 1821 daAuts
Vaults:1: 1797 daAuts
     D:2: 1775 daAuts
     D:5: 1699 daAuts
  Lair:4: 1675 daAuts
     D:8: 1591 daAuts
     D:7: 1561 daAuts
    D:10: 1495 daAuts
